 Dungeon Crawl Stone Soup version 0.21-a0-476-gd103f4b (webtiles) character file.

35 esteth the Firebug (level 3, -4/26 HPs)
             Began as a Draconian Fire Elementalist on Nov 22, 2017.
             Killed from afar by Sigmund (7 damage)
             ... with a puff of flame
             ... on level 2 of the Dungeon.
             The game lasted 00:05:57 (1705 turns).

esteth the Firebug (Draconian Fire Elementalist)    Turns: 1705, Time: 00:05:59

Health: -4/26      AC:  5    Str: 10    XL:     3   Next: 17%
Magic:  1/15       EV: 12    Int: 16    God:
Gold:   92         SH:  0    Dex: 11    Spells: 3/7 levels left

rFire    . . .     SeeInvis .   (no weapon)
rCold    . . .     Gourm    .   (no shield)
rNeg     . . .     Faith    .   (armour unavailable)
rPois    .         Spirit   .   (helmet restricted)
rElec    .         Reflect  .   (no cloak)
rCorr    .         Harm     .   (no gloves)
MR       .....                  (no boots)
Stlth    ++........             (no amulet)
HPRegen  0.08/turn              i - ring of magical power
MPRegen  0.14/turn              (no ring)

@: no status effects
A: unfitting armour, cold-blooded, AC +5
a: no special abilities


You were on level 2 of the Dungeon.
You were not hungry.

You visited 1 branch of the dungeon, and saw 2 of its levels.

You collected 92 gold pieces.

Inventory:

Jewellery
 i - a ring of magical power (left hand)
Scrolls
 f - a scroll of fear {unknown}
 g - 2 scrolls of identify {unknown}
 k - a scroll of teleportation {unknown}
Potions
 c - a potion of cancellation {unknown}
 d - 2 potions of lignification {unknown}
 e - a potion of curing {unknown}
 j - a potion of agility {unknown}
Books
 a - a book of Flames

   Spells                             Type                      Level
   a - Flame Tongue                   Conjuration/Fire             1
   b - Throw Flame                    Conjuration/Fire             2
   c - Conjure Flame                  Conjuration/Fire             3
   d - Inner Flame                    Hexes/Fire                   3
   e - Sticky Flame                   Conjuration/Fire             4
   f - Fireball                       Conjuration/Fire             5
Comestibles
 h - a royal jelly


   Skills:
 - Level 1.7 Dodging
 - Level 1.7 Stealth
 + Level 2.5 Spellcasting
 + Level 2.0 Conjurations
 + Level 3.4 Fire Magic


You had 3 spell levels left.
You knew the following spells:

 Your Spells              Type           Power        Failure   Level  Hunger
a - Flame Tongue          Conj/Fire      ##...        6%          1    #......
b - Conjure Flame         Conj/Fire      ##......     19%         3    ###....


Dungeon Overview and Level Annotations

Branches:
Dungeon (2/15)

Altars:

Annotations:
D:2 Sigmund


Innate Abilities, Weirdness & Mutations

Your plain brown scales are hard. (AC +5)
You cannot fit into any form of body armour.
You are cold-blooded and may be slowed by cold attacks.


Message History

The puff of flame misses you.
Casting: Flame Tongue
Confirm with . or Enter, or press ? or * to list all spells.
Aiming: Flame Tongue
Press: ? - help, Shift-Dir - straight line, f/p - Sigmund
Aim: Sigmund, wielding a scythe and wearing a robe (severely wounded)
The flame tongue hits Sigmund.
Sigmund is severely wounded.
Sigmund laughs darkly.
Sigmund points at you and mumbles some strange words.
You resist with significant effort.
All of the chunks of flesh in your inventory have rotted away.
Sigmund points at you and mumbles some strange words.
The magic dart hits you!
* * * LOW HITPOINT WARNING * * *
Sigmund breathes a few words.
Sigmund's hands start flickering wildly.
Sigmund gestures at you while chanting. The puff of flame hits you!
You die...

#.# #.# #.# #.#
### # #.# #.. #
#.# #.# # #.#
#.# #
#.############.#
#
#.@......@...#.#
#
############.#.#
# #.#†####
#.@.@...
########


You could see Sigmund.

Vanquished Creatures
  An adder (D:2)
  An ooze (D:1)
  A worm (D:2)
  A giant cockroach (D:1)
  2 goblins (D:1)
  2 hobgoblins (D:1)
  2 bats
  4 frilled lizards (D:1)
  5 kobolds
  2 rats (D:1)
21 creatures vanquished.

Notes
Turn   | Place    | Note
-------+----------+-------------------------------------------
     0 | D:1      | esteth the Draconian Fire Elementalist began the quest for the Orb.
     0 | D:1      | Reached XP level 1. HP: 14/14 MP: 3/3
   429 | D:1      | Reached XP level 2. HP: 17/20 MP: 0/5
  1477 | D:2      | Reached XP level 3. HP: 9/26 MP: 6/6
  1482 | D:2      | Learned a level 3 spell: Conjure Flame
  1665 | D:2      | Noticed Sigmund
  1705 | D:2      | Killed from afar by Sigmund

Vault maps used:
D:1:      scummos_arrival_hexagon
D:2:      uniq_sigmund

Skill      XL: |  1  2  3 |
---------------+----------+-----
Conjurations   | 2 |  2.0
Dodging        | |  1.7
Stealth        | |  1.7
Spellcasting   | |  2.5
Fire Magic     | |  3.4

Action                   || total
-------------------------++-------
Melee: Unarmed           ||    62
       Tailslap          ||     7
 Cast: Flame Tongue      ||    52
       Conjure Flame     ||     4
  Eat: Chunk             ||     1
       Bread ration      ||     1
Armor: Skin              ||    32
Dodge: Dodged            ||    72

Table legend:
 A = Spawn XP
 B = Non-spawn XP
 C = Spawn XP percentage of total XP
 D = Spawn monster count
 E = Non-spawn monster count
 F = Spawn count percentage of total count
 G = Total turns spent on level
                    A         B        C        D         E        F      G
               +---------+---------+-------+---------+---------+-------+---------
         Total |       0 |      51 |   0.0 |       0 |      21 |   0.0 |  1705
               +---------+---------+-------+---------+---------+-------+---------
           D:1 |       0 |      30 |   0.0 |       0 |      17 |   0.0 |  1341
           D:2 |       0 |      21 |   0.0 |       0 |       4 |   0.0 |   364
               +---------+---------+-------+---------+---------+-------+---------
